 Seeded DCSS version 0.31-a0-986-g5e6e4ef867 (webtiles) character file.

Game seed: 3451369682634171190 (custom seed)

6535 timneilson the Thaumaturge (level 10, -6/56 HPs)
             Began as a Deep Elf Conjurer on Nov 25, 2023.
             Was a Believer of Vehumet.
             Mangled by a two-headed ogre
             ... wielding a +0 giant spiked club
              (25 damage)
             ... on level 9 of the Dungeon.
             The game lasted 00:38:35 (9132 turns).

timneilson the Thaumaturge (Deep Elf Conjurer)      Turns: 9132, Time: 00:38:36

Health: -6/56      AC:  5    Str:  4    XL:     10   Next: 69%
Magic:  13/25      EV: 19    Int: 28    God:    Vehumet [**....]
Gold:   510        SH:  4    Dex: 13    Spells: 12/28 levels left

rFire   . . .        f - +0 dagger (speed)
rCold   + . .        w - +0 buckler
rNeg    . . .        E - +0 robe {Will+}
rPois   .            (no helmet)
rElec   +            a - +1 cloak
rCorr   +            (no gloves)
SInv    +            e - +0 pair of boots
Will    ++...        B - amulet of regeneration
Stlth   ++++         n - ring "Sankorux" {rElec rC+ rCorr SInv}
HPRegen 1.09/turn    o - ring "Byfeyro" {EV+5 Stlth+}
MPRegen 0.19/turn

%: no passive effects
@: no status effects
A: no striking features
a: Renounce Religion


You were on level 9 of the Dungeon.
You worshipped Vehumet.
Vehumet was pleased with you.
You visited 2 branches of the dungeon, and saw 10 of its levels.

You collected 1510 gold pieces.
You spent 1000 gold pieces at shops.

Inventory:

Hand Weapons
 f - a +0 dagger of speed (weapon)
Armour
 a - a +1 cloak (worn)
 e - a +0 pair of boots (worn)
 h - a +0 kite shield
 w - a +0 buckler (worn)
 E - a +0 robe of willpower (worn)
Jewellery
 c - a ring of ice
 n - the ring "Sankorux" (left hand) {rElec rC+ rCorr SInv}
   (You bought it in a shop on level 1 of the Dungeon)

   [ring of resist corrosion]

   rC+:       It protects you from cold.
   rElec:     It insulates you from electricity.
   SInv:      It lets you see invisible.
   rCorr:     It protects you from acid and corrosion.
 o - the ring "Byfeyro" (right hand) {EV+5 Stlth+}
   (You bought it in a shop on level 1 of the Dungeon)

   [ring of evasion]

   EV+5:      It affects your evasion (+5).
   Stlth+:    It makes you more stealthy.
 u - a ring of wizardry
 A - a ring of positive energy
 B - an amulet of regeneration (around neck)
 C - a ring of resist corrosion
Wands
 d - a wand of charming (9)
 j - a wand of polymorph (3)
 t - a wand of quicksilver (9)
 v - a wand of mindburst (23)
 y - a wand of flame (22)
 H - a wand of iceblast (9)
Scrolls
 l - 2 scrolls of fog {unknown}
 m - 3 scrolls of poison {unknown}
 q - 5 scrolls of teleportation {unknown}
 x - 2 scrolls of noise {unknown}
 D - a scroll of fear {unknown}
 G - a scroll of silence {unknown}
Potions
 b - 4 potions of magic
 g - 4 potions of brilliance {unknown}
 i - 2 potions of haste
 k - a potion of curing
 p - 2 potions of might {unknown}
 r - 4 potions of enlightenment
 s - 2 potions of attraction
 z - a potion of lignification
 F - a potion of degeneration {unknown}


   Skills:
 + Level 4.0 Fighting
 + Level 4.0 Armour
 * Level 8.7 Dodging
 + Level 6.8 Stealth
 + Level 2.7 Shields
 * Level 9.5 Spellcasting
 + Level 6.9 Conjurations
 + Level 4.5 Hexes
 + Level 3.8 Translocations
 + Level 0.1 Transmutations
 + Level 0.3 Fire Magic
 + Level 2.0 Air Magic
 + Level 2.9 Earth Magic
 + Level 0.0 Poison Magic
 + Level 4.2 Evocations


You had 12 spell levels left.
You knew the following spells:

 Your Spells              Type           Power      Damage    Failure   Level
a - Magic Dart            Conj           100%       1d8       1%          1
b - Searing Ray           Conj           100%       2d8       1%          2
c - Fulminant Prism       Conj/Hex       22%        3d12      8%          4
d - Iskenderun's Mystic   Conj/Tloc      43%        2d10      9%          4
e - Sandblast             Erth           58%        2d13      2%          1
f - Shock                 Conj/Air       100%       1d9       1%          1
g - Ignite Poison         Fire/Tmut/Pois 14%        N/A       22%         3

Your spell library contained the following spells:

 Spells                   Type           Power      Damage    Failure   Level
 Jinxbite                 Hex            78%        N/A       1%          2
 Dazzling Flash           Conj/Hex       90%        N/A       2%          3
 Ensorcelled Hibernation  Hex/Ice        52%        N/A       4%          2
 Frozen Ramparts          Ice            26%        1d4       24%         3
 Anguish                  Hex/Necr       13%        N/A       30%         4
 Petrify                  Tmut/Erth      21%        N/A       38%         4
 Metabolic Englaciation   Hex/Ice        13%        N/A       65%         5


Dungeon Overview and Level Annotations

Branches:
Dungeon (9/15)             Temple (1/1) D:7
   Lair: D:8-11         Orc: D:9-12

Altars:
Ashenzari
Cheibriados
Dithmenos
Elyvilon
Fedhas
Gozag
Kikubaaqudgha
Makhleb
Nemelex Xobeh
Okawaru
Qazlal
Ru
Sif Muna
Trog
Uskayaw
Vehumet
Wu Jian
Xom
Zin
The Shining One

Shops:
D:1 (=


Message History

The searing ray hits the two-headed ogre.
The two-headed ogre is lightly wounded. (Press . to maintain the ray.)
The searing ray hits the two-headed ogre!
The two-headed ogre is moderately wounded.
The searing ray hits the two-headed ogre!
The two-headed ogre is moderately wounded.
You finish channelling your searing ray.
The two-headed ogre hits you with a +0 giant spiked club!!
The two-headed ogre misses you.
You see here the +8 dagger "Ynupal Qefy" {venom, *Corrode +Blink Str+3 Dex+9}.
Casting: Searing Ray (safe; 1% risk of failure)
Confirm with . or Enter, or press ? or * to list all spells.
Aiming: Searing Ray (safe; 1% risk of failure)
Press: ? - help, Shift-Dir - straight line, f/p - two-headed ogre
Aim: a two-headed ogre, wielding two +0 giant spiked clubs (moderately wounded, 92% to hit)
The searing ray misses the two-headed ogre. (Press . to maintain the ray.)
The searing ray misses the two-headed ogre.
The two-headed ogre completely misses you.
You block the two-headed ogre's attack.
The searing ray hits the two-headed ogre!
The two-headed ogre is heavily wounded.
The two-headed ogre barely misses you. x2
The searing ray hits the two-headed ogre!
The two-headed ogre is severely wounded.
You finish channelling your searing ray.
Casting: Searing Ray (safe; 1% risk of failure)
Confirm with . or Enter, or press ? or * to list all spells.
Aiming: Searing Ray (safe; 1% risk of failure)
Press: ? - help, Shift-Dir - straight line, f/p - two-headed ogre
Aim: a two-headed ogre, wielding two +0 giant spiked clubs (severely wounded, 92% to hit)
The searing ray hits the two-headed ogre!
The two-headed ogre is almost dead. (Press . to maintain the ray.)
You block the two-headed ogre's attack. The two-headed ogre closely misses you.
The searing ray hits the two-headed ogre!
The two-headed ogre is almost dead.
The two-headed ogre hits you with a +0 giant spiked club!! x2
You die...

#### .... ... ..###
###### #######
...####....... .......
............. .......
#............ #......
+@........... # .....
#O........... # ....
#............ # ...
#)........... # ..
#.###'###... . .
#.....'.#.....# .
.......#.....#.#.....#
#
#......#######.##....#
#........ ...#....#


You could see a two-headed ogre.

Vanquished Creatures
  Erica (D:8)
  A hornet (D:8)
  Prince Ribbit (D:5)
  Grinder (D:5)
  Sigmund (D:4)
  A wyvern (D:9)
  Eustachio (D:4)
  2 steam dragons
  Menkaure (D:5)
  A water moccasin (D:8)
  Duvessa (D:7)
  An acid dragon (D:8)
  An orc warrior (D:8)
  3 sky beasts
  3 ice beasts
  2 black bears
  An ogre (D:6)
  4 centaurs
  2 phantoms
  A kobold brigand (D:8)
  5 bullfrogs
  A gnoll sergeant (D:5)
  2 scorpions
  14 wights
  Dowan (D:7)
  7 killer bees
  2 howler monkeys
  4 hounds
  2 jellies
  Crazy Yiuf (D:7)
  3 orc priests
  A gnoll bouda (D:8)
  2 sleepcaps
  An iguana (D:7)
  Ijyb (D:5)
  13 orc wizards
  Terence (D:3)
  5 adders
  9 gnolls
  5 shadow imps
  A worm (D:3)
  6 dart slugs
  17 orcs
  6 ball pythons
  4 endoplasms
  5 giant cockroaches
  6 goblins
  6 hobgoblins
  8 jackals
  2 quokkas
  2 bats (D:1)
  A frilled lizard (D:2)
  7 kobolds
  7 rats
188 creatures vanquished.

Vanquished Creatures (others)
  A wyvern (D:8)
  2 fulminant prisms (D:8)
3 creatures vanquished.

Grand Total: 191 creatures vanquished

Notes
Turn   | Place    | Note
-------+----------+-------------------------------------------
     0 | D:1      | timneilson the Deep Elf Conjurer began the quest for the
                  | Orb.
     0 | D:1      | Reached XP level 1. HP: 10/10 MP: 6/6
    66 | D:1      | Found Juceetep's Jewellery Shop.
    98 | D:1      | Noticed an eye of devastation
   100 | D:1      | Found a faded altar of an unknown god.
   114 | D:1      | Reached XP level 2. HP: 15/15 MP: 0/8
   118 | D:1      | Noticed a golden eye
   118 | D:1      | Noticed a glass eye
   118 | D:1      | Noticed a golden eye
   205 | D:1      | Found Mylaamin's Weapon Shop.
  1041 | D:2      | Identified a scroll of acquirement
  1041 | D:2      | Identified the "Ennebut" (You acquired it on level 2 of
                  | the Dungeon)
  1041 | D:2      | Acquired 1110 gold pieces
  1051 | D:2      | Reached XP level 3. HP: 19/20 MP: 3/10
  1096 | D:1      | Bought the ring "Sankorux" {rElec rC+ rCorr SInv} for 497
                  | gold pieces
  1096 | D:1      | Bought the ring "Byfeyro" {EV+5 Stlth+} for 503 gold pieces
  1130 | D:2      | Learned a level 2 spell: Searing Ray
  1697 | D:2      | Reached XP level 4. HP: 24/24 MP: 4/11
  2070 | D:3      | Noticed a black bear
  2075 | D:3      | Killed a black bear
  2076 | D:3      | Reached skill level 1 in Fighting
  2076 | D:3      | Reached skill level 1 in Armour
  2076 | D:3      | Reached skill level 4 in Spellcasting
  2076 | D:3      | Reached XP level 5. HP: 29/29 MP: 4/13
  2326 | D:3      | Noticed Terence
  2351 | D:3      | Killed Terence
  2797 | D:3      | Found an iron altar of Okawaru.
  2801 | D:3      | Found an ornate altar of the Wu Jian Council.
  2805 | D:3      | Found a bloodstained altar of Trog.
  2986 | D:4      | Reached XP level 6. HP: 29/34 MP: 11/15
  2999 | D:4      | Reached skill level 5 in Conjurations
  3163 | D:4      | Reached skill level 5 in Spellcasting
  3504 | D:4      | Noticed Eustachio
  3527 | D:4      | Killed Eustachio
  3528 | D:4      | Reached skill level 5 in Dodging
  3528 | D:4      | Reached XP level 7. HP: 27/39 MP: 2/17
  3823 | D:4      | Noticed Sigmund
  3863 | D:4      | Killed Sigmund
  4109 | D:5      | Entered Level 5 of the Dungeon
  4213 | D:5      | Noticed Prince Ribbit
  4226 | D:5      | Killed Prince Ribbit
  4227 | D:5      | Reached skill level 6 in Spellcasting
  4227 | D:5      | Reached skill level 1 in Evocations
  4321 | D:5      | Noticed Ijyb
  4334 | D:5      | Killed Ijyb
  4342 | D:5      | Learned a level 4 spell: Fulminant Prism
  4347 | D:5      | Learned a level 4 spell: Iskenderun's Mystic Blast
  4447 | D:5      | Found a radiant altar of Vehumet.
  4453 | D:5      | Reached XP level 8. HP: 44/45 MP: 10/19
  4547 | D:5      | Became a worshipper of Vehumet
  4557 | D:5      | Reached skill level 1 in Hexes
  4630 | D:5      | Reached skill level 1 in Translocations
  4844 | D:5      | Found an opulent altar of Gozag.
  4912 | D:5      | Noticed Grinder
  4916 | D:5      | Paralysed by Grinder for 3 turns
  4926 | D:5      | Killed Grinder
  4927 | D:5      | Reached skill level 5 in Stealth
  4927 | D:5      | Reached skill level 7 in Spellcasting
  5013 | D:5      | Noticed Menkaure
  5021 | D:5      | Killed Menkaure
  5328 | D:6      | Reached skill level 1 in Shields
  5503 | D:6      | Reached * piety under Vehumet
  5503 | D:6      | Offered knowledge of Sandblast by Vehumet.
  5506 | D:6      | Learned a level 1 spell: Sandblast
  5613 | D:6      | Reached XP level 9. HP: 49/50 MP: 5/22
  6115 | D:6      | Reached skill level 1 in Earth Magic
  6256 | D:6      | Reached skill level 8 in Spellcasting
  6658 | D:7      | Found a staircase to the Ecumenical Temple.
  6667 | Temple   | Entered the Ecumenical Temple
  6863 | D:7      | Reached ** piety under Vehumet
  6863 | D:7      | Offered knowledge of Shock by Vehumet.
  6870 | D:7      | Learned a level 1 spell: Shock
  7041 | D:7      | Noticed Duvessa
  7047 | D:7      | Noticed Dowan
  7052 | D:7      | Killed Dowan
  7059 | D:7      | Killed Duvessa
  7435 | D:7      | Reached XP level 10. HP: 56/56 MP: 20/24
  7498 | D:7      | Found a runed translucent door.
  7499 | D:7      | Noticed Crazy Yiuf
  7506 | D:7      | Killed Crazy Yiuf
  7581 | D:7      | Found a broken altar of Ashenzari.
  7585 | D:7      | Saw a vision of the Swamp and the Snake Pit.
  7585 | D:7      | Noticed an anaconda
  7585 | D:7      | Noticed a naga warrior
  7585 | D:7      | Noticed a black mamba
  7585 | D:7      | Noticed a black mamba
  7585 | D:7      | Noticed an anaconda
  7585 | D:7      | Noticed a seven-headed hydra
  7587 | D:7      | Noticed a ghost crab
  7697 | D:7      | Reached skill level 1 in Air Magic
  7763 | D:7      | Found a sacrificial altar of Ru.
  8144 | D:8      | Found a shimmering altar of Xom.
  8145 | D:8      | Found a shimmering altar of Xom.
  8148 | D:8      | Found a shimmering altar of Xom.
  8149 | D:8      | Found a shimmering altar of Xom.
  8151 | D:8      | Found a shimmering altar of Xom.
  8266 | D:8      | Reached skill level 9 in Spellcasting
  8330 | D:8      | Offered knowledge of Ignite Poison by Vehumet.
  8335 | D:8      | Learned a level 3 spell: Ignite Poison
  8745 | D:8      | Reached *** piety under Vehumet
  8902 | D:8      | Noticed Erica
  8908 | D:8      | Killed Erica
  9115 | D:9      | Identified the +8 dagger "Ynupal Qefy" {venom, *Corrode
                  | +Blink Str+3 Dex+9}
  9117 | D:9      | Noticed a two-headed ogre
  9132 | D:9      | Mangled by a two-headed ogre

Illustrated notes

Levels and vault maps discovered:
D:1:      spicycebolla_green_bress_n_ham, layout_basic,
          hellmonk_ecumenical_altar_watching_god, serial_shops,
          nicolae_shop_gaudy_bauble, shop
D:2:      layout_loops_ring
D:3:      layout_loops_cross, grunt_temple_overflow_open,
          hangedman_decor_opposing, corexii_hall_statues_l, uniq_terence
D:4:      layout_basic, uniq_eustachio, uniq_sigmund
D:5:      layout_cave_pools, mainiacjoe_overflow_catch_the_wave,
          uniq_prince_ribbit1, uniq_grinder, uniq_menkaure, uniq_ijyb
D:6:      minmay_flawed_box, layout_gridville, hangedman_decor_riveting
D:7:      layout_loops_cross, kennysheep_mini, grunt_ashenzari_visionary
          [grunt_ashenzari_visionary_swamp, grunt_ashenzari_visionary_snake],
          minmay_temple_entry_trees, uniq_crazy_yiuf_cottage, uniq_duvessa
D:8:      cheibrodos_barr_body, layout_loops_ring, xom_redecorated, uniq_erica
D:9:      layout_irregular_city, serial_shops, nicolae_shop_dealshenge
Temple:   nicolae_temple_no_exploring_needed

Skill      XL: |  1  2  3  4  5  6  7  8  9 10 |
---------------+-------------------------------+-----
Dodging        | 3 4 5 6 8 |  8.7
Fighting       | 1 2 3 4 |  4.0
Armour         | 1 2 3 4 |  4.0
Stealth        | 3 4 5 6 |  6.8
Spellcasting   | 4 5 6 7 8 9 |  9.5
Conjurations   | 5 6 |  6.9
Evocations     | 1 2 3 4 |  4.2
Hexes          | 2 3 4 |  4.5
Translocations | 1 3 |  3.8
Shields        | 1 2 |  2.7
Earth Magic    | 2 |  2.9
Air Magic      | 2 |  2.0
Transmutations | |  0.1
Fire Magic     | |  0.3

Action                     |  1- 3 |  4- 6 |  7- 9 | 10-12 || total
---------------------------+-------+-------+-------+-------++-------
  Melee: Dagger            |    14 |     9 |    12 |     5 ||    40
         Unarmed           |       |       |     6 |       ||     6
   Cast: Magic Dart        |    58 |    48 |    63 |    17 ||   186
         Searing Ray       |     1 |    18 |    70 |    39 ||   128
         Iskenderun's Myst |       |       |     3 |     1 ||     4
         Sandblast         |       |       |     2 |     2 ||     4
         Shock             |       |       |     1 |       ||     1
         Fulminant Prism   |       |       |       |     2 ||     2
  Evoke: Wand              |       |       |       |     7 ||     7
    Use: Scroll            |     1 |     1 |     4 |     2 ||     8
         Potion            |       |       |       |     1 ||     1
   Stab: Sleeping          |     3 |     1 |       |       ||     4
         Confused          |       |       |     1 |       ||     1
 Armour: Robe              |     3 |     7 |    34 |    33 ||    77
  Dodge: Dodged            |     8 |    35 |    74 |    40 ||   157
  Block: Buckler           |       |       |       |     5 ||     5

Table legend: (Time is in decaauts)
 A = Elapsed time spent in this place.
 B = Non-inter-level travel time spent in this place.
 C = Inter-level travel time spent in this place.
 D = Time resting spent in this place.
 E = Time spent auto-exploring this place.
 F = Levels seen in this place.
 G = Mean time per level.
                   A        B        C        D        E       F      G
               +--------+--------+--------+--------+--------+-----+--------+
         Total |   9118 |   8808 |    310 |    808 |   5794 |  10 |  911.8 |
       Dungeon |   9117 |   8807 |    310 |    808 |   5794 |   9 | 1013.0 |
        Temple |      1 |      1 |      0 |      0 |      0 |   1 |    1.0 |
               +--------+--------+--------+--------+--------+-----+--------+

Top non-repeatable levels by time:
     D:6: 1458 daAuts
     D:7: 1249 daAuts
     D:4: 1154 daAuts
     D:8: 1088 daAuts
     D:5: 1072 daAuts
     D:1: 1070 daAuts
     D:3: 1015 daAuts
     D:2: 860 daAuts
     D:9: 148 daAuts
  Temple: 1 daAuts
